[Event "Early-Titled-Tuesday-Blitz-July-09-2024"]
[Site "Chess.com"]
[Date "2024.07.09"]
[Round "7"]
[White "zverr1"]
[Black "klercaku"]
[Result "1-0"]
[WhiteElo "2539"]
[BlackElo "2378"]
[TimeControl "180+1"]
[EndTime "9:20:49 PDT"]
[Termination "zverr1 won by resignation"]

1. e4 e5 2. Nf3 Nc6 3. Bc4 Bc5 4. O-O Nf6 5. d4 Bxd4 6. Nxd4 Nxd4 7. Be3 Ne6 8. f4 exf4 9. e5 fxe3 10. exf6 gxf6 11. Nc3 c6 12. Ne4 d5 13. Nxf6+ Ke7 14. Bxd5 cxd5 15. Nxd5+ Ke8 16. Qh5 Rf8 17. Nf6+ Ke7 18. Qh4 e2 19. Qb4+ Qd6 20. Nd5+ Kd7 21. Qb5+ Qc6 22. Qxe2 Qxd5 23. Rad1 Nd4 24. Qf2 Kc7 25. Rxd4 Qe5 26. Re1 Qg5 27.
h4 Qc5 28. b4 Qc6 29. Qf4+ Kb6 30. Rd6 Be6 31. Qd4+ Kc7 32. Rxc6+ bxc6 33. Qe5+ Kb7 34. b5 Rac8 35. bxc6+ Rxc6 36. Rb1+ Rb6 37. Qe4+ Kc7 38. Rxb6 axb6 39. Qf4+ Kb7 40. Qe4+ Ka7 41. Qxh7 Rc8 42. h5 Bxa2 43. h6 Bb1 44. Qxf7+ Ka6 45. Qf1+ Kb7 46. Qxb1 Rh8 47. Qc1 Rh7 48. Qg5 Rc7 49. Qg7 Ka6 50. Qxc7 b5 51. c3 b4 52. c4 b3 53. Qc6+ Ka7 54. c5 b2 55. Qb6+ Ka8 56. h7 b1=Q+ 57. Qxb1 Ka7 58. h8=Q 1-0

[Event "Early-Titled-Tuesday-Blitz-July-09-2024"]
[Site "Chess.com"]
[Date "2024.07.09"]
[Round "7"]
[White "Me_ch_an"]
[Black "noblerone"]
[Result "0-1"]
[WhiteElo "2289"]
[BlackElo "2501"]
[TimeControl "180+1"]
[EndTime "9:20:49 PDT"]
[Termination "noblerone won by resignation"]

1. e4 c5 2. Nf3 e6 3. d4 cxd4 4. Nxd4 Qb6 5. Nc3 Bc5 6. Na4 Qa5+ 7. c3 Bxd4 8. Qxd4 Nf6 9. Nc5 Nc6 10. Qd6 b6 11. Nb3 Qe5 12. Qxe5 Nxe5 13. f3 d6 14. Bf4 Ke7 15. O-O-O Bd7 16. Be2 Rhd8 17. Rd2 Ba4 18. Nd4 a6 19. b3 Be8 20. Rhd1 b5 21. Nc2 Rac8 22. Kb2 h6 23. Nb4 a5 24.
Nd3 Nxd3+ 25. Rxd3 e5 26. Be3 Rb8 27. Rxd6 Rxd6 28.
Bc5 Rd8 29. c4 Ke6 30. Re1 Rc6 31. Be3 b4 32. Kc2 Ke7 33. Bd3 Bd7 34. f4 exf4 35.
Bxf4 Be6 36. e5 Nd7 37. Be4 Rc7 38. Bd5 Nc5 39. Rd1 a4 40. bxa4 Nxa4 41. Be3 Rxc4+ 42.
Kb3 Rxd5 43. Rxd5 Bxd5 44. Kxa4 Rc3 45. Bd4 Rd3 46. Kb5 Ke6 47. Kc5 Ra3 48. Kxb4 Rxa2 49.
Bc5 Rxg2 50. Kc3 Rxh2 51. Kd4 Rh4+ 52. Ke3 Rc4 53. Kd3 Rxc5 0-1

[Event "Early-Titled-Tuesday-Blitz-July-09-2024"]
[Site "Chess.com"]
[Date "2024.07.09"]
[Round "7"]
[White "SuperGPatzer"]
[Black "pinguino120"]
[Result "1/2-1/2"]
[WhiteElo "2142"]
[BlackElo "2294"]
[TimeControl "180+1"]
[EndTime "9:20:50 PDT"]
[Termination "Game drawn by stalemate"]

1. g4 d5 2. h3 h5 3. g5 h4 4.
d4 Nc6 5. Nc3 Bf5 6. Bg2 e6 7. e4 dxe4 8. Be3 Bb4 9. Ne2 Nge7 10. O-O Nd5 11. Nxe4 Nxe3 12. fxe3 Bxe4 13. Bxe4 Qxg5+ 14. Kf2 Bd6 15. Qd3 Bg3+ 16. Nxg3 hxg3+ 17. Kg2 Rd8 18. Rf4 Rh4 19. Bxc6+ bxc6 20. Rxh4 Qxh4 21. Rf1 e5 22. Qf5 Qe7 23. dxe5 Rd5 24. Rf3 Rxe5 25. Qc8+ Qd8 26. Qxd8+ Kxd8 27. Rxf7 Rxe3 28. Rxg7 Re2+ 29. Kxg3 Rxc2 30. h4 Rxb2 31. h5 Rb5 32. Kg4 Rb4+ 33. Kg5 Ke8 34. h6 Kf8 35. Rxc7 Kg8 36. Rxc6 Rb2 37.
Ra6 Rb7 38. Kg6 Kh8 39. a4 Kg8 40. a5 Kh8 41. Rc6 Rb8 42. Rc7 Ra8 43. a6 Rg8+ 44. Rg7 Ra8 45. h7 Rb8 46. Rxa7 Rb6+ 47. Kf5 Rb5+ 48.
Ke6 Rb6+ 49. Kd5 Rb5+ 50. Kc6 Rb8 51. Rb7 Ra8 52. a7 Rc8+ 53. Rc7 Ra8 54. Rb7 Rc8+ 55. Rc7 Ra8 56. Kd7 Rd8+ 57. Ke7 Re8+ 58. Kf7 Rf8+ 59. Kxf8 1/2-1/2

[Event "Early-Titled-Tuesday-Blitz-July-09-2024"]
[Site "Chess.com"]
[Date "2024.07.09"]
[Round "7"]
[White "Aslanov_Umid"]
[Black "IlanSchnaider"]
[Result "1-0"]
[WhiteElo "2649"]
[BlackElo "2827"]
[TimeControl "180+1"]
[EndTime "9:20:51 PDT"]
[Termination "Aslanov_Umid won by checkmate"]

1. e4 c5 2. Nf3 d6 3. d4 cxd4 4. Nxd4 Nf6 5. Nc3 a6 6. Bc4 e6 7.
Bb3 b5 8. Bg5 Be7 9. Qf3 Qc7 10.
O-O-O Nbd7 11. e5 Bb7 12. Qg3 dxe5 13. Bxe6 O-O-O 14. Bxf6 Bxf6 15. Ndxb5 axb5 16. Nxb5 Qb6 17. Qc3+ Kb8 18. Bxd7 Rxd7 19. Rxd7 Qxb5 20. Rhd1 Rc8 21.
Qb3 Qxb3 22. axb3 Bxg2 23. Rxf7 Be4 24. Rd6 Rxc2+ 25. Kd1 Rxb2 26. Rb6+ Kc8 27. b4 Bg5 28. Re6 Rb1+ 29. Ke2 Rb2+ 30. Kd1 Bc2+ 31. Ke1 Bd3 32. Re8+ Bd8 33. Rff8 e4 34. Rxd8+ Kc7 35. Rd4 Re2+ 36.
Kd1 g6 37. f3 Rxh2 38. fxe4 Be2+ 39. Ke1 Bb5 40. Rd5 Ba6 41. Rf7+ Kb8 42. Rd8+ Bc8 43. Rff8 Rc2 44. Kd1 Rc6 45. Kd2 Kb7 46. Rf7+ Kb6 47. Rxh7 Rc4 48. Kd3 Rc6 49. Rhh8 Be6 50. Rb8+ Kc7 51.
Rbe8 Bd7 52. Re7 Rd6+ 53. Ke3 Kb6 54. Rd8 Kc7 55. Rdxd7+ Rxd7 56. Rxd7+ Kxd7 57. Kf4 Kd6 58. Kg5 Ke5 59. b5 Kxe4 60. b6 Ke5 61. b7 Ke6 62. b8=Q Kf7 63. Qe5 Kf8 64. Qc7 Kg8 65. Kxg6 Kf8 66.
Qf7# 1-0

[Event "Early-Titled-Tuesday-Blitz-July-09-2024"]
[Site "Chess.com"]
[Date "2024.07.09"]
[Round "7"]
[White "sofaceindisguise"]
[Black "bilosuvenosu06"]
[Result "1-0"]
[WhiteElo "2773"]
[BlackElo "2560"]
[TimeControl "180+1"]
[EndTime "9:20:51 PDT"]
[Termination "sofaceindisguise won by resignation"]

1. d4 Nf6 2. c4 e6 3. Nc3 Bb4 4.
Bd2 O-O 5. e3 d5 6. Bd3 Nbd7 7.
cxd5 exd5 8. Nf3 c6 9. O-O Re8 10. Qc2 h6 11. Rae1 Bxc3 12. bxc3 Ne4 13. Re2 f5 14. Be1 g5 15. Nd2 Nf8 16. f3 Nxd2 17.
Bxd2 Qf6 18. e4 f4 19. Rfe1 Bd7 20. Qb2 b6 21. c4 Be6 22. Bc3 Qf7 23. cxd5 cxd5 24. a4 Rac8 25. Bb4 Nd7 26. Bd6 dxe4 27. fxe4 Bc4 28. Bb1 Bxe2 29. Qxe2 Rc6 30. Ba2 Rxd6 31. Bxf7+ Kxf7 32. Qc4+ Ke7 33. e5 Re6 34. Qd3 Rf8 35.
Qa3+ Kf7 36. Qc3 Rfe8 37. h3 R8e7 38. Qc8 Nf8 39. Qc2 Rd7 40. Qf5+ Ke7 41. Qe4 Ng6 42.
Rc1 Kf7 43. Qf5+ Ke7 44. Rc4 Nf8 45. Qe4 Ng6 46. d5 Rxe5 47. Qxg6 Rdxd5 48. Rc7+ Kd8 49. Qf7 Rd1+ 50. Kh2 Ree1 51. Rd7+ Rxd7 52. Qf6+ Kc8 53. Qc3+ Kb7 54. Qxe1 a6 55. Qe4+ Kc7 56. Qg6 Rd6 57. Qg7+ Kc6 58. Qa7 a5 59. Qe7 Rd5 60. Qe4 Kc5 61.
h4 gxh4 62. Qxf4 Rd4 63. Qxh6 Rxa4 64. Qg5+ Kc6 65. Qf5 Kb7 66. Qd7+ Ka6 67. Qxa4 b5 68. Qxh4 a4 1-0

[Event "Early-Titled-Tuesday-Blitz-July-09-2024"]
[Site "Chess.com"]
[Date "2024.07.09"]
[Round "7"]
[White "Smiechu"]
[Black "albi1999"]
[Result "0-1"]
[WhiteElo "2447"]
[BlackElo "2637"]
[TimeControl "180+1"]
[EndTime "9:20:52 PDT"]
[Termination "albi1999 won on time"]

1. e4 c5 2. Nf3 a6 3. Nc3 b5 4. d4 e6 5. Be3 cxd4 6. Nxd4 Bb7 7. Bd3 Nf6 8. e5 Nd5 9. Nxd5 Bxd5 10. O-O Nc6 11. Nxc6 Bxc6 12. f4 g6 13. Qe2 Be7 14. Qf2 O-O 15. Rad1 f6 16. Qg3 Qe8 17. exf6 Bxf6 18.
Bc5 Be7 19. Bxe7 Qxe7 20. Kh1 Rf6 21. Rde1 Raf8 22. f5 Qg7 23. fxe6 Rxf1+ 24. Bxf1 dxe6 25. Bd3 Bd5 26. b3 Qd4 27. h3 Rf2 28. Rg1 Kg7 29.
c4 bxc4 30. Bxc4 Bxc4 31. bxc4 Rxa2 32. Qc7+ Kh6 33. c5 Rc2 34. c6 Qc4 35. Qd6 Qd5 36. Qf8+ Kh5 37. Qf7 h6 38. c7 Rc3 39. Kh2 Qe5+ 40. Kh1 Rxc7 41. Qf3+ Kg5 42. h4+ Kxh4 43. Qh3+ Kg5 44. Rf1 h5 45. Qf3 Rc3 46. Qf2 Re3 47. Qd2 Kg4 48. Rf3 Rxf3 49. gxf3+ Kxf3 50. Qg2+ Ke3 51. Qg1+ Ke4 52. Qe1+ Kd4 53. Qa1+ Kd5 54. Qa5+ Ke4 55. Qe1+ Kf5 0-1

[Event "Early-Titled-Tuesday-Blitz-July-09-2024"]
[Site "Chess.com"]
[Date "2024.07.09"]
[Round "7"]
[White "RedFirePanda"]
[Black "stepanosinovsky"]
[Result "1-0"]
[WhiteElo "2456"]
[BlackElo "2342"]
[TimeControl "180+1"]
[EndTime "9:20:52 PDT"]
[Termination "RedFirePanda won on time"]

1. d4 Nf6 2. Bf4 g6 3. e3 Bg7 4.
c3 d6 5. Nd2 O-O 6. h3 Nfd7 7.
Ngf3 e5 8. dxe5 dxe5 9. Bg3 Nc6 10. Bc4 Nc5 11. O-O Be6 12. Bxe6 Nxe6 13. Nc4 Qxd1 14. Rfxd1 f6 15. Rd7 Rfd8 16. Rad1 Rxd7 17. Rxd7 Kf8 18.
Ne1 Ke8 19. Rd1 b5 20. Na3 a6 21. Nec2 Bf8 22. f3 Nc5 23. b3 Nd8 24. e4 Nde6 25.
Nb1 a5 26. Ne3 c6 27. Ng4 Be7 28. Bh4 Kf7 29. Bg3 Ke8 30. Nf2 a4 31. b4 Nb7 32.
a3 Nd6 33. Nd2 Rd8 34. Kf1 Rd7 35. Ke2 Bd8 36. Nd3 Bb6 37. Bf2 Bxf2 38. Nxf2 Nf4+ 39. Kf1 Ke7 40. g3 Ne6 41. Ke2 Nc7 42. Nd3 Ne6 43.
Rc1 h5 44. h4 Rd8 45. Ke3 Rd7 46. Nb2 f5 47. Nd3 Kf6 48. c4 Nd4 49. cxb5 cxb5 50. Rc5 Re7 51. Rd5 Nc2+ 52. Ke2 Nc4 53. Nxc4 bxc4 54. Nc5 Re6 55. Nd7+ Ke7 56. Nc5 1-0

[Event "Early-Titled-Tuesday-Blitz-July-09-2024"]
[Site "Chess.com"]
[Date "2024.07.09"]
[Round "7"]
[White "JordanLoyd2020"]
[Black "Mikasinski"]
[Result "0-1"]
[WhiteElo "2513"]
[BlackElo "2690"]
[TimeControl "180+1"]
[EndTime "9:20:54 PDT"]
[Termination "Mikasinski won by resignation"]

1. d4 Nf6 2. Bf4 g6 3. Nc3 d5 4. e3 Bg7 5. h4 h5 6. Nf3 O-O 7. Be2 Bf5 8. Ne5 c5 9. Qd2 cxd4 10. exd4 Nc6 11. f3 Rc8 12. O-O-O Qa5 13. Kb1 Nb4 14.
Nd3 Bxd3 15. Bxd3 Nd7 16. a3 Nxd3 17. Qxd3 Nb6 18. g4 Nc4 19. Na2 Qb6 20. Bc1 hxg4 21. fxg4 Bxd4 22. Nb4 Bxb2 23. Nxd5 Qb5 24. Qb3 Bxc1 25.
Nxe7+ Kg7 26. Nxc8 Bf4 27. Qxb5 Nxa3+ 28. Ka2 Nxb5 29.
Ne7 Nc3+ 30. Kb3 Nxd1 31. Rxd1 Re8 32. Nd5 Bg3 33. Rd4 Bxh4 34. Rc4 Re5 35. Nc3 Be1 36. Nd1 Ba5 37. c3 Bb6 38. Kc2 f5 39. gxf5 Rxf5 40.
Nb2 Rf2+ 41. Kb3 g5 42. Nd3 Rf5 43. Re4 Kf6 44. Nb4 a5 45. Nc2 Bc5 46. Ne1 b5 47. Nd3 a4+ 48. Kc2 Bd6 49. Rd4 Bf4 50. Nb4 g4 51. Nd5+ Kg5 52. Kd3 g3 53. Nxf4 Rxf4 54. Rd5+ Kg4 55. Rxb5 g2 56. Rb8 Kg3 57. Rg8+ Kf2 0-1

[Event "Early-Titled-Tuesday-Blitz-July-09-2024"]
[Site "Chess.com"]
[Date "2024.07.09"]
[Round "7"]
[White "TigrVShlyape"]
[Black "Ratkovic_Miloje"]
[Result "1/2-1/2"]
[WhiteElo "2977"]
[BlackElo "2794"]
[TimeControl "180+1"]
[EndTime "9:20:55 PDT"]
[Termination "Game drawn by repetition"]

1. d4 e6 2. Bf4 c5 3. e3 Nf6 4. c3 d5 5. Nd2 Bd6 6. Bb5+ Nc6 7. Bg3 O-O 8. Ngf3 Ne7 9. Bd3 Nf5 10. Bxf5 exf5 11.
Bxd6 Qxd6 12. dxc5 Qxc5 13. O-O Bd7 14. Qb3 Qc7 15.
Rfd1 Rad8 16. Nd4 g6 17. Rac1 Rfe8 18. h3 a5 19. c4 dxc4 20. Rxc4 Qb8 21. Qb6 Be6 22.
Rcc1 f4 23. exf4 Nd5 24. Qxa5 Nxf4 25. N2f3 Rd5 26. Qc7 Ne2+ 27. Kh1 Nxc1 28. Rxc1 Qxc7 29. Rxc7 b5 30. a3 Bd7 31. Kh2 Re4 32. Nc2 Re2 33.
Ne3 Rd6 34. Kg3 Rxb2 35. Ng5 Kg7 36. Ne4 Rd4 37. Nc5 Rbd2 38. Rb7 f5 39. Ne6+ Kf6 40.
Nxd4 Rxd4 41. f4 Ke7 42. Kf2 Rxf4+ 43. Kg1 Rd4 44. Kf2 Kd6 45. Ra7 h5 46. g3 h4 47.
Ra6+ Bc6 48. gxh4 Rxh4 49. Kg3 Rd4 50. Nc2 Rd3+ 51. Kf4 Rc3 52. Nb4 Kd7 53. h4 Rc4+ 54. Ke5 f4 55. Nxc6 Rxc6 56. Ra7+ Ke8 57. Kxf4 Rc5 58.
Kg4 Kf8 59. Kf4 Kg8 60. Kg4 Kf8 61. Kf4 Kg8 62. Kg4 Kf8 1/2-1/2

[Event "Early-Titled-Tuesday-Blitz-July-09-2024"]
[Site "Chess.com"]
[Date "2024.07.09"]
[Round "7"]
[White "wild3000"]
[Black "Feegus"]
[Result "1-0"]
[WhiteElo "2473"]
[BlackElo "2609"]
[TimeControl "180+1"]
[EndTime "9:20:55 PDT"]
[Termination "wild3000 won by resignation"]

1. d4 d5 2. Nf3 Nf6 3. g3 e6 4.
Bg2 Be7 5. O-O b5 6. a4 b4 7. c4 bxc3 8. bxc3 O-O 9. Ba3 a5 10. Ne5 c5 11. Nd2 Qc7 12. Nb3 Nfd7 13. Nxd7 Nxd7 14.
c4 dxc4 15. Bxa8 cxb3 16. Qxb3 Nb6 17. Bf3 c4 18. Qc3 Nxa4 19. Qc2 Nb6 20. Bxe7 Qxe7 21. Rxa5 Qc7 22. Rc1 Bd7 23. Rc5 Qd6 24. e3 g6 25.
h4 Ba4 26. Qe4 Bb3 27. h5 Nd5 28. h6 Rd8 29. Kg2 Qf8 30. Qh4 Rb8 31. Bxd5 exd5 32. Rxd5 c3 33. Rc5 c2 34. R5xc2 Bxc2 35. Rxc2 Qd6 36.
Qf4 Qd5+ 37. e4 Qd8 38. Qe5 f6 39. Qe6+ Kh8 40. Rc6 Rb7 41. d5 Rd7 42. Qxf6+ Qxf6 43. Rxf6 Kg8 44. f4 Rd8 45. Kf3 Ra8 46. Rc6 Rf8 47.
e5 Re8 48. Rc7 Ra8 49. d6 Kf8 50. Kg4 Kg8 51. Re7 Rf8 52. Rg7+ Kh8 53. e6 g5 54. f5 Rxf5 55. Rxh7+ Kxh7 56. Kxf5 g4 57. Kxg4 Kxh6 58. d7 Kg6 59. d8=Q 1-0

[Event "Early-Titled-Tuesday-Blitz-July-09-2024"]
[Site "Chess.com"]
[Date "2024.07.09"]
[Round "7"]
[White "DenLaz"]
[Black "Andreikka"]
[Result "0-1"]
[WhiteElo "3144"]
[BlackElo "3033"]
[TimeControl "180+1"]
[EndTime "9:20:57 PDT"]
[Termination "Andreikka won by resignation"]

1. d4 Nf6 2. c4 e6 3. Nf3 d5 4.
g3 Bb4+ 5. Bd2 Be7 6. Bg2 O-O 7. Qc2 Nbd7 8. O-O c6 9. Bf4 h6 10. Rd1 a5 11. Nbd2 g5 12. Be5 Nh7 13. e4 g4 14.
Ne1 Nxe5 15. dxe5 d4 16. c5 b6 17. cxb6 Qxb6 18. Nc4 Qc7 19. Rxd4 Ba6 20. Rad1 Rad8 21. Nd6 f6 22. Qb3 Ng5 23. Nf5 Bc5 24. Rxd8 Rxd8 25.
Nxh6+ Kh7 26. Nxg4 Be2 27. Nxf6+ Kg6 28. Rxd8 Qxd8 29. Qc2 Qd1 30. Qxd1 Bxd1 31. h4 Nf7 32. Nd3 Bd4 33. Nf4+ Kh6 34. Nxe6 Bxe5 35. Ng4+ Bxg4 36. Nc5 Bxb2 37. Kf1 Ne5 38. f4 Nc4 39. e5 Bd4 40.
Nb3 Ne3+ 41. Kf2 Nd1+ 42. Ke1 Bc3+ 43. Kf1 a4 44. Nc5 Bd4 45. Nxa4 Ne3+ 46. Kf2 Nxg2+ 47. Kxg2 Bd1 48. e6 Bxa4 49. g4 c5 50. f5 c4 51. g5+ Kg7 52. h5 c3 53. h6+ Kh7 54. f6 c2 55. f7 Bc5 0-1

[Event "Early-Titled-Tuesday-Blitz-July-09-2024"]
[Site "Chess.com"]
[Date "2024.07.09"]
[Round "7"]
[White "Aragon"]
[Black "patzer-reloaded"]
[Result "0-1"]
[WhiteElo "2160"]
[BlackElo "2346"]
[TimeControl "180+1"]
[EndTime "9:20:57 PDT"]
[Termination "patzer-reloaded won on time"]

1. e4 d6 2. d4 Nf6 3. Nc3 g6 4. Bc4 Bg7 5. Qe2 e5 6. Nf3 Bg4 7. dxe5 dxe5 8. Bxf7+ Kxf7 9. Nxe5+ Ke8 10. Nxg4 Nxg4 11.
Qxg4 Bxc3+ 12. bxc3 Qd7 13. Qxd7+ Nxd7 14. Be3 b6 15. f3 Ke7 16. Rd1 Ke6 17. Ke2 Rhf8 18. Rd2 Rf7 19. Rhd1 Rg8 20. Rd4 g5 21. Rc4 Ne5 22.
Rcd4 h5 23. Rd8 Rxd8 24. Rxd8 g4 25. f4 Nc4 26. Rh8 Nd6 27. Rh6+ Kd7 28. e5 Nf5 29.
Rxh5 Ke6 30. g3 c5 31. Rh8 Kd5 32. Rd8+ Ke4 33. Bg1 Ne7 34. Rd7 a5 35. a4 Rg7 36. Rb7 Nf5 37. Rxg7 Nxg7 38. c4 Ne6 39. Kd2 Ng7 40. Ke2 Ne6 41. Kf1 Kf3 42. f5 Ng5 43. e6 Nh7 44. e7 Nf6 45. c3 Ke4 46. Kg2 Kxf5 47. h3 gxh3+ 48. Kxh3 Ke6 49. g4 Kxe7 50. Bf2 Ne4 51. Be1 Ke6 52. Kh4 Nd6 53. g5 Nxc4 54. Kh5 Kf7 55. g6+ Kg8 56. Kh6 Nb2 57. g7 Nxa4 58.
c4 Nb2 59. Bg3 Nxc4 60. Bh4 a4 0-1

[Event "Early-Titled-Tuesday-Blitz-July-09-2024"]
[Site "Chess.com"]
[Date "2024.07.09"]
[Round "7"]
[White "Naruto75_3"]
[Black "GothamChess"]
[Result "1-0"]
[WhiteElo "2570"]
[BlackElo "2749"]
[TimeControl "180+1"]
[EndTime "9:20:58 PDT"]
[Termination "Naruto75_3 won by resignation"]

1. d4 g6 2. c4 Bg7 3. Nf3 d6 4. Nc3 Bg4 5. Bg5 Nc6 6. e3 h6 7. Bh4 g5 8. Bg3 e5 9. d5 Nce7 10. Be2 Bd7 11. Rc1 f5 12. h3 f4 13. exf4 exf4 14.
Bh2 Nf6 15. h4 Ng4 16. Nxg5 hxg5 17. Bxg4 Rxh4 18. Bh5+ Kf8 19. g3 Rh3 20. Ne4 Nf5 21. Bg4 Qe7 22. Qd3 Rh8 23. O-O Nd4 24. f3 Bxg4 25.
fxg4 f3 26. Rce1 Re8 27. Rxf3+ Nxf3+ 28. Qxf3+ Qf7 29. Qxf7+ Kxf7 30. Nxg5+ Kg6 31. Ne6 Bxb2 32. Rb1 Bc3 33. Kg2 Ba5 34. Bg1 Bb6 35. a4 Rh7 36. Rf1 Rf7 37. Re1 Ree7 38. c5 Bxc5 39. Bxc5 dxc5 40. Re5 c4 41. Rg5+ Kh7 42. Rh5+ Kg8 43. Rg5+ Kh8 44. Rh5+ Rh7 45. Rf5 Ref7 46. Re5 c3 47.
Re3 Rd7 48. Nf8 Rhe7 49. Ng6+ Kg7 50. Nxe7 c2 51. Nf5+ Kf6 52. Rc3 Rxd5 53. Rxc2 c6 54. Kf3 Rd3+ 55. Kf4 Ra3 56. g5+ Ke6 57. Rc4 Ra1 58.
Re4+ Kf7 59. Nd6+ Kg7 60. Nf5+ Kf7 61. Re7+ Kf8 62. Rxb7 Rxa4+ 63. Ke5 Rb4 64. Rxb4 1-0

[Event "Early-Titled-Tuesday-Blitz-July-09-2024"]
[Site "Chess.com"]
[Date "2024.07.09"]
[Round "7"]
[White "chess_peak"]
[Black "Karttunen"]
[Result "1-0"]
[WhiteElo "2553"]
[BlackElo "2667"]
[TimeControl "180+1"]
[EndTime "9:20:58 PDT"]
[Termination "chess_peak won by checkmate"]

1. d4 Nf6 2. c4 e6 3. Nf3 d5 4. Nc3 Bb4 5. Qa4+ Nc6 6. e3 O-O 7. Bd2 Re8 8. Be2 a6 9. O-O dxc4 10. Bxc4 Bd6 11. Qc2 h6 12. e4 e5 13. dxe5 Nxe5 14. Nxe5 Bxe5 15. Rae1 b5 16. Bd3 Bb7 17. Ne2 c5 18. b3 Rc8 19. f4 Bb8 20. e5 Qd5 21. Rf2 Ng4 22. Nc3 Qd4 23. Nd1 Nxf2 24. Nxf2 c4 25.
bxc4 bxc4 26. Bh7+ Kh8 27. Be3 Qd8 28. Bf5 Rc6 29. Be4 Rc7 30. Bb6 Bxe4 31. Qxe4 Ba7 32. Bxc7 Qxc7 33. Rc1 c3 34. Kf1 Qc5 35. Qe2 Rd8 36. g3 Qb4 37. Rc2 Qb1+ 38. Kg2 Bd4 39. Ne4 Qg1+ 40. Kh3 Rc8 41. Nd6 Rf8 42. Qc4 Qe3 43.
Nxf7+ Kh7 44. Nd6 g5 45. Qc7+ Kg8 46. Qc4+ Kg7 47. Qe6 gxf4 48. Qe7+ Kg8 49. Qe6+ Kg7 50. Nf5+ Rxf5 51. Qxf5 f3 52. e6 f2 53. Qf7+ Kh8 54.
e7 f1=Q+ 55. Qxf1 Qxe7 56. Re2 Qd7+ 57. Kg2 Qc6+ 58. Qf3 Qc7 59. Re8+ Kg7 60. Qf8+ Kg6 61. Qg8+ Kh5 62. Qd5+ Kg6 63. Qxd4 c2 64. Re6+ Kf7 65. Qf6+ Kg8 66. Re8+ Kh7 67. Rh8# 1-0

[Event "Early-Titled-Tuesday-Blitz-July-09-2024"]
[Site "Chess.com"]
[Date "2024.07.09"]
[Round "7"]
[White "LikeWater"]
[Black "aquarium76"]
[Result "1-0"]
[WhiteElo "2703"]
[BlackElo "2987"]
[TimeControl "180+1"]
[EndTime "9:21:00 PDT"]
[Termination "LikeWater won by checkmate"]

1. e4 c6 2. d4 d5 3. exd5 cxd5 4.
c4 Nf6 5. Nc3 Nc6 6. Nf3 a6 7.
h3 g6 8. cxd5 Nxd5 9. Bc4 Be6 10. Bb3 Bg7 11. O-O O-O 12. Re1 Nxc3 13. bxc3 Bxb3 14. axb3 e6 15. Bf4 Rc8 16. Qd3 Qb6 17.
b4 Rfd8 18. Ne5 Ne7 19. Ra5 Nd5 20.
Bd2 Qc7 21. Rc5 Qe7 22. Nc4 Qd7 23. Bg5 Re8 24. Bd2 f6 25. h4 Bf8 26. h5 g5 27.
Qf3 Qf7 28. g3 b6 29. Rxc8 Rxc8 30. Ne3 Nxc3 31. Ng4 Nd5 32. Qd3 Qxh5 33. Ne3 Qf3 34. Qxa6 Rd8 35. Nxd5 Rxd5 36. Qxb6 Rd6 37. Qc5 Qd3 38.
Be3 Rd5 39. Qc8 Kf7 40. Qc7+ Kg6 41. Rc1 Qe4 42. Qb8 Bg7 43. Qe8+ Kh6 44. Qf7 Qg6 45. Qe7 f5 46. Rc6 Kh5 47. Rxe6 f4 48. Rxg6 Kxg6 49. gxf4 gxf4 50. Qe6+ Bf6 51. Qxd5 fxe3 52. fxe3 Bg5 53. Kg2 Bxe3 54. Kf3 Bg5 55. Qe4+ Kf6 56. d5 h5 57. b5 h4 58. Qe6+ Kg7 59. Kg4 h3 60. Kxh3 Bf4 61. Kg4 Bd2 62. b6 Ba5 63. b7 Bc7 64. d6 Bb8 65. d7 Bc7 66. b8=Q Bxb8 67. d8=Q Bd6 68. Qdg8# 1-0

[Event "Early-Titled-Tuesday-Blitz-July-09-2024"]
[Site "Chess.com"]
[Date "2024.07.09"]
[Round "7"]
[White "PositionalPanther"]
[Black "Ykow"]
[Result "0-1"]
[WhiteElo "2510"]
[BlackElo "2745"]
[TimeControl "180+1"]
[EndTime "9:21:00 PDT"]
[Termination "Ykow won by resignation"]

1. e4 e5 2. Nf3 Nc6 3. Bc4 Nf6 4. d3 Bc5 5. c3 d6 6. a4 a6 7. Nbd2 h6 8. Nf1 O-O 9. Ng3 Be6 10. Bxe6 fxe6 11.
Qb3 Qd7 12. O-O Rab8 13. Be3 Bxe3 14. fxe3 Kh7 15. d4 b6 16. h3 a5 17. Rf2 Rf7 18. Rd1 Qe8 19. Qb5 exd4 20. exd4 Na7 21. Qxe8 Rxe8 22.
e5 dxe5 23. Nxe5 Rff8 24. Rdf1 Nc8 25. Ne4 Nd6 26. Nxf6+ Rxf6 27. Rxf6 gxf6 28. Rxf6 b5 29. axb5 Nxb5 30. Rf7+ Kg8 31. Rf6 Kg7 32. Rf7+ Kg8 33.
Rd7 a4 34. c4 Nd6 35. Rxc7 Rb8 36. c5 Nf5 37. Nd7 Rxb2 38. Nf6+ Kf8 39. Ra7 Nxd4 40. Rxa4 e5 41. Ra7 Rc2 42. Nd7+ Ke8 43. Nxe5 Rxc5 44. Nf3 Nxf3+ 45. gxf3 Kf8 46. Kf2 Kg8 47. Kg3 Rc4 48. f4 Rc5 49. Kg4 Rd5 50. h4 h5+ 51. Kf3 Rd3+ 52.
Ke4 Rh3 53. f5 Rxh4+ 54. Ke5 Rh1 55. f6 h4 56. Ke6 Re1+ 57. Kf5 h3 58. Kg6 Rg1+ 59.
Kf5 h2 60. Ra8+ Kh7 61. Ra7+ Kh6 62. f7 Rf1+ 63. Kg4 h1=Q 64. Ra6+ Kg7 65. f8=Q+ Kxf8 0-1

[Event "Early-Titled-Tuesday-Blitz-July-09-2024"]
[Site "Chess.com"]
[Date "2024.07.09"]
[Round "7"]
[White "FoggyMorning"]
[Black "kuchma777"]
[Result "1-0"]
[WhiteElo "2665"]
[BlackElo "2481"]
[TimeControl "180+1"]
[EndTime "9:21:03 PDT"]
[Termination "FoggyMorning won on time"]

1. e4 c6 2. d4 d5 3. Nc3 dxe4 4. Nxe4 Nf6 5. Nxf6+ exf6 6. c3 Bd6 7. Bd3 O-O 8.
Qc2 Re8+ 9. Ne2 h6 10. O-O Nd7 11. Be3 Nf8 12. Rfe1 Be6 13. h3 Qd7 14. Nf4 Bxf4 15. Bxf4 Rad8 16. Rad1 Bd5 17. c4 Be6 18. Be3 Ng6 19.
b3 Nh4 20. Bf1 Bf5 21. Qc3 Be4 22. Bf4 Qf5 23. Bg3 Ng6 24. f3 Bc2 25. Rxe8+ Rxe8 26. Rc1 Qg5 27. Re1 Rxe1 28. Bxe1 Bf5 29. Bd2 Qg3 30.
Qe3 Bxh3 31. Be1 Qd6 32. gxh3 Nf4 33. Bg3 Ne2+ 34. Qxe2 Qxg3+ 35. Bg2 Qf4 36. Qd3 Qc1+ 37. Bf1 Qg5+ 38. Kf2 Qh4+ 39. Ke2 Qf4 40. Qe3 Qh2+ 41. Qf2 Qd6 42. Bg2 Qa3 43. Kf1 Qc1+ 44. Qe1 Qb2 45.
Qe8+ Kh7 46. Qxf7 Qxd4 47. Qe6 Qd1+ 48. Kf2 Qd4+ 49. Qe3 Qb2+ 50. Qe2 Qd4+ 51. Kg3 Qd6+ 52. Kf2 Qd4+ 53. Kg3 Qd6+ 54. f4 g5 55. Qe4+ Kg7 56.
Bf3 Kg8 57. Qg6+ Kf8 58. Qxh6+ Ke7 59. Qh7+ Kd8 60. Qf5 Kc7 61. Kg4 1-0

[Event "Early-Titled-Tuesday-Blitz-July-09-2024"]
[Site "Chess.com"]
[Date "2024.07.09"]
[Round "7"]
[White "HaryKane"]
[Black "eightbyeightchess"]
[Result "1-0"]
[WhiteElo "2613"]
[BlackElo "2449"]
[TimeControl "180+1"]
[EndTime "9:21:03 PDT"]
[Termination "HaryKane won by resignation"]

1. d4 d5 2. c4 c6 3. Nf3 Nf6 4. e3 Bf5 5. Nc3 e6 6. Qb3 Qc7 7. Bd2 Nbd7 8. Rc1 Qb8 9. Be2 Bd6 10. O-O Ne4 11. Rfd1 Nxc3 12. bxc3 Nf6 13. cxd5 exd5 14.
c4 Be4 15. h3 O-O 16. cxd5 Bxd5 17. Qb2 Qc7 18. Rb1 Rab8 19. Rdc1 Qe7 20. Bb4 Ne4 21. Bxd6 Qxd6 22. Ne5 Ng5 23. h4 Ne4 24. Bf3 f6 25.
Nd3 Rfe8 26. Qb4 Qd7 27. Bxe4 Rxe4 28. Qd2 Rxh4 29. f3 Re8 30. e4 Bf7 31. Nc5 Qd6 32. Qf2 Rh5 33. Rxb7 Qh2+ 34. Kf1 Qh1+ 35. Qg1 Qh4 36.
Nd3 Rg5 37. Nf2 Bh5 38. Rc3 Qf4 39. Rb1 Qd2 40. Rbc1 Qxa2 41. R3c2 Qa3 42. Nh3 Rg6 43. Qf2 Rd8 44. Nf4 Rh6 45. Rc3 Qa6+ 46. Kg1 Bf7 47. e5 fxe5 48. dxe5 Rh5 49. Nxh5 Bxh5 50. Rxc6 Qd3 51. R6c3 Qd5 52. Re1 Qe6 53. Rce3 Bf7 54. f4 h6 55. f5 Qb6 56. e6 Be8 57. f6 gxf6 58. Qxf6 Rd3 59. Qe5 Rxe3 60. Qxe3 Qxe3+ 61. Rxe3 Kf8 62. e7+ Kf7 63. Ra3 a5 64. Rxa5 Kxe7 65. Ra6 h5 66. Kf2 Kf7 67. Kg3 Kg7 68. Kh4 Bf7 69.
Kg5 Bd5 70. Rd6 Bxg2 71. Rd7+ Kh8 72. Kh6 Kg8 73. Rg7+ Kf8 74. Rxg2 1-0

[Event "Early-Titled-Tuesday-Blitz-July-09-2024"]
[Site "Chess.com"]
[Date "2024.07.09"]
[Round "7"]
[White "ploxoi"]
[Black "AndresDelgado77"]
[Result "1-0"]
[WhiteElo "2480"]
[BlackElo "2337"]
[TimeControl "180+1"]
[EndTime "9:21:04 PDT"]
[Termination "ploxoi won on time"]

1. d4 Nf6 2. c4 g6 3. Nc3 Bg7 4. e4 O-O 5. Nf3 d6 6. Be2 Bg4 7. Be3 Bxf3 8. Bxf3 Nc6 9. d5 Ne5 10. Be2 h5 11. h3 c5 12. O-O a6 13. a4 Qc7 14. Qd2 Ned7 15. f4 b6 16. Rae1 Rad8 17.
Bd3 e6 18. Bc2 exd5 19. exd5 Rde8 20. Bf2 Rxe1 21. Rxe1 Re8 22. Bh4 Qb8 23. b3 Bh6 24.
Rf1 Qd8 25. Bg5 Bxg5 26. fxg5 Nh7 27. h4 Ne5 28. Ne4 Ng4 29. Qf4 Ne5 30. Ng3 Rf8 31.
Qe4 f5 32. gxf6 Rxf6 33. Nxh5 Rxf1+ 34. Kxf1 Nf6 35. Nxf6+ Qxf6+ 36. Kg1 Kg7 37. h5 gxh5 38. Qh7+ Kf8 39. Qxh5 Qf4 40. Qf5+ Qxf5 41. Bxf5 a5 42. Kf2 Kg7 43. Ke3 Kf6 44. Kf4 Nf7 45. Be6 Ng5 46.
Bg4 Nf7 47. Bh5 Ne5 48. Be2 Ng6+ 49. Kg4 Ne5+ 50. Kh5 Kf5 51. g4+ Kf6 52. g5+ Kg7 53. Bf1 Ng6 54. Kg4 Ne5+ 55. Kf5 Kf7 56. Be2 1-0